 Dungeon Crawl Stone Soup version 0.27-a0-1312-g5cdb2b3542 (webtiles) character file.

Game seed: 9677109681046074358

1075 Zdeegee the Magician (level 8, -3/41 HPs)
             Began as a Deep Elf Air Elementalist on June 20, 2021.
             Was a Follower of Sif Muna.
             Slain by Duvessa (16 damage)
             ... on level 5 of the Dungeon.
             The game lasted 00:16:44 (7709 turns).

Zdeegee the Magician (Deep Elf Air Elementalist)    Turns: 7709, Time: 00:16:44

Health: -3/41      AC:  2    Str:  5    XL:     8   Next: 8%
Magic:  3/21       EV: 13    Int: 23    God:    Sif Muna [*.....]
Gold:   270        SH:  0    Dex: 15    Spells: 3/22 levels left

rFire    . . .     SeeInvis .   k - +3 dagger (elec)
rCold    . . .     Faith    .   (no shield)
rNeg     . . .     Spirit   .   a - +0 robe
rPois    .         Reflect  .   (no helmet)
rElec    .         Harm     .   (no cloak)
rCorr    .         Rampage  .   (no gloves)
Will     .....                  (no boots)
Stlth    ++........             (no amulet)
HPRegen  0.13/turn              (no ring)
MPRegen  0.17/turn              (no ring)

@: mighty
A: no striking features
a: Renounce Religion, Channel Magic


You were on level 5 of the Dungeon.
You worshipped Sif Muna.
Sif Muna was aware of your devotion.
You visited 2 branches of the dungeon, and saw 6 of its levels.

You collected 270 gold pieces.

Inventory:

Hand Weapons
 b - a +0 dagger
 e - a +1 short sword of flaming
 k - a +3 dagger of electrocution (weapon)
Missiles
 g - 13 boomerangs
 h - 211 stones
Armour
 a - a +0 robe (worn)
Scrolls
 c - 2 scrolls of identify
 f - a scroll of fear {unknown}
 i - a scroll of magic mapping {unknown}
 j - a scroll of acquirement {unknown}
 n - a scroll of enchant weapon
 o - a scroll of fog
 p - a scroll of vulnerability
 t - a scroll of amnesia {unknown}
 u - a scroll of blinking {unknown}
 v - a scroll of holy word {unknown}
Potions
 d - 3 potions of mutation
 l - a potion of resistance
 m - 3 potions of curing {unknown}
 q - 2 potions of degeneration {unknown}
 r - a potion of flight {unknown}
 s - a potion of brilliance {unknown}


   Skills:
 * Level 4.2 Dodging
 + Level 3.0 Stealth
 * Level 7.6 Spellcasting
 * Level 4.7 Conjurations
 * Level 0.4 Fire Magic
 * Level 2.7 Ice Magic
 * Level 5.5 Air Magic


You had 3 spell levels left.
You knew the following spells:

 Your Spells              Type           Power      Damage    Failure   Level
a - Shock                 Conj/Air       100%       1d9       1%          1
b - Static Discharge      Conj/Air       32%        N/A       1%          2
c - Airstrike             Air            17%        N/A       8%          4
d - Swiftness             Air            34%        N/A       2%          3
e - Lightning Bolt        Conj/Air       16%        1d30      24%         5
f - Sticky Flame          Conj/Fire      20%        2d4       24%         4

Your spell library contained the following spells:

 Spells                   Type           Power      Damage    Failure   Level
 Poisonous Vapours        Pois/Air       42%        N/A       3%          2
 Conjure Flame            Conj/Fire      20%        6-21      8%          3
 Iskenderun's Mystic Bla  Conj/Tloc      19%        2d6       26%         4


Dungeon Overview and Level Annotations

Branches:
Dungeon (5/15)             Temple (1/1) D:4

Altars:
Ashenzari
Fedhas
Gozag
Hepliaklqana
Kikubaaqudgha
Qazlal
Ru
Sif Muna
Trog
Uskayaw
Wu Jian
Xom
Yredelemnul

Shops:
D:4 *

Annotations:
D:4 2 transporters, Dvallin's ghost, weakling HuDe
D:5 Duvessa


Message History

Confirm with . or Enter, or press ? or * to list all spells.
Aiming: Airstrike (quite dangerous; 8% risk of failure)
Press: ? - help, Dir - move target, f/p - Duvessa
Aim: Duvessa, wielding a +0 short sword and wearing a +0 chain mail (lightly wounded, berserk)
The air twists around and strikes Duvessa.
Duvessa is lightly wounded.
Unknown command.
Casting: Airstrike (quite dangerous; 8% risk of failure)
Confirm with . or Enter, or press ? or * to list all spells.
Aiming: Airstrike (quite dangerous; 8% risk of failure)
Press: ? - help, Dir - move target, f/p - Duvessa
Aim: Duvessa, wielding a +0 short sword and wearing a +0 chain mail (lightly wounded, berserk)
The air twists around and strikes Duvessa!
Duvessa is moderately wounded.
Unknown command.
Duvessa rages.
Casting: Airstrike (quite dangerous; 8% risk of failure)
Confirm with . or Enter, or press ? or * to list all spells.
Aiming: Sticky Flame (quite dangerous; 24% risk of failure)
Press: ? - help, Shift-Dir - straight line, f/p - Duvessa
Aim: Duvessa, wielding a +0 short sword and wearing a +0 chain mail (moderately wounded, berserk, 100% to hit)
The sticky flame hits Duvessa.
Duvessa is moderately wounded.
Duvessa is covered in liquid flames!
Duvessa burns!
Duvessa hits you with a +0 short sword.
Casting: Sticky Flame (quite dangerous; 24% risk of failure)
Confirm with . or Enter, or press ? or * to list all spells.
You don't have enough magic to cast this spell.
Duvessa burns!
Duvessa closely misses you.
You aren't carrying any items that you can evoke.
Duvessa burns!
Duvessa burns!
Duvessa stops burning.
Duvessa hits you with a +0 short sword!
Duvessa rages.
It was a potion of might.
You feel very mighty all of a sudden. Duvessa hits you with a +0 short sword!
Duvessa hits you with a +0 short sword.
You hit Duvessa.
Duvessa is severely wounded.
Duvessa hits you with a +0 short sword!
You die...

.##. #..##..###......).
......##..# #.#...).....#
#.....#..# #......##..##
#........# ##.......##...
.......#.###.............
#.....#..........#.##.#.
.#.......###......#.#..#.
..........##....###....#.
.......<@e.........#.#...
#..........>#.##.....#.).
#..........##.##.......##
.....##.#####.#..........
.##>..#..................
## #...............<.##
..#..............)....
#....#.#...).....).....
#....#..(..[.......)...


You could see Duvessa (berserk).

Vanquished Creatures
  An orc warrior (D:5)
  An ogre (D:5)
  A scorpion (D:4)
  A water moccasin skeleton (D:4)
  Dowan (D:5)
  4 wights (D:4)
  2 jellies
  2 bullfrog skeletons (D:5)
  Crazy Yiuf (D:3)
  An orc priest (D:5)
  2 iguanas (D:5)
  4 orc wizards
  3 gnolls (D:5)
  7 adders
  2 adder skeletons (D:4)
  5 worms
  2 dart slugs
  18 orcs
  8 ball pythons
  9 bats
  9 endoplasms
  7 giant cockroaches
  7 hobgoblins
  10 jackals
  4 quokkas
  2 frilled lizards
  7 goblins
  7 kobolds
  6 rats
134 creatures vanquished.

Notes
Turn   | Place    | Note
-------+----------+-------------------------------------------
     0 | D:1      | Zdeegee the Deep Elf Air Elementalist began the quest for
                  | the Orb.
     0 | D:1      | Reached XP level 1. HP: 10/10 MP: 6/6
   209 | D:1      | Reached XP level 2. HP: 15/15 MP: 4/8
   706 | D:1      | Learned a level 2 spell: Static Discharge
   901 | D:1      | Reached XP level 3. HP: 19/19 MP: 6/9
  1357 | D:1      | Found a faded altar of an unknown god.
  2058 | D:2      | Reached XP level 4. HP: 24/24 MP: 7/11
  2065 | D:2      | Learned a level 4 spell: Airstrike
  2578 | D:2      | Found a broken altar of Ashenzari.
  2714 | D:3      | Reached skill level 4 in Spellcasting
  3198 | D:3      | Reached skill level 1 in Ice Magic
  3213 | D:3      | Reached XP level 5. HP: 20/28 MP: 1/13
  3873 | D:3      | Found a sacrificial altar of Ru.
  4056 | D:3      | Found a runed translucent door.
  4057 | D:3      | Noticed Crazy Yiuf
  4062 | D:3      | Killed Crazy Yiuf
  4132 | D:3      | Learned a level 3 spell: Swiftness
  4146 | D:4      | Found a transporter.
  4155 | D:4      | Found a transporter.
  4155 | D:4      | Noticed Dvallin's ghost (weakling HuDe)
  4605 | D:4      | Found a staircase to the Ecumenical Temple.
  4625 | D:4      | Found Innu Goa's Gadget Gallery.
  4734 | D:4      | Reached XP level 6. HP: 32/32 MP: 7/15
  5010 | D:4      | Reached skill level 5 in Spellcasting
  5278 | Temple   | Entered the Ecumenical Temple
  5359 | Temple   | Became a worshipper of Sif Muna the Loreminder
  5883 | D:5      | Entered Level 5 of the Dungeon
  5888 | D:5      | Found a basalt altar of Yredelemnul.
  5902 | D:5      | Reached skill level 6 in Spellcasting
  5902 | D:5      | Reached XP level 7. HP: 36/36 MP: 0/18
  7046 | D:5      | Reached skill level 7 in Spellcasting
  7078 | D:5      | Learned a level 5 spell: Lightning Bolt
  7082 | D:5      | Reached skill level 5 in Air Magic
  7131 | D:5      | Reached * piety under Sif Muna
  7163 | D:5      | Identified Sif Muna's Compendium of Attacks and Poisoning
  7170 | D:5      | Learned a level 4 spell: Sticky Flame
  7428 | D:5      | Noticed Duvessa
  7429 | D:5      | Reached XP level 8. HP: 41/41 MP: 4/21
  7668 | D:5      | Noticed Dowan
  7671 | D:5      | Killed Dowan
  7709 | D:5      | Slain by Duvessa

Illustrated notes

Levels and vault maps discovered:
D:1:      scummos_arrival_star, layout_basic,
          shapermc_ecumenical_altar_hornbeckon
D:2:      layout_loops_cross, basic_altar, minmay_3d_cube
D:3:      layout_loops_ring, nicolae_ru_path_of_blood, serial_park_tiny_2,
          minmay_unequal, uniq_crazy_yiuf_cottage
D:4:      layout_loops_corners, minmay_temple_entry_statues_pillars,
          gammafunk_ghost_mausoleum, nicolae_shop_gadgets
D:5:      layout_cave_pools, amcnicky_altar_gilded, minmay_misc_feat_rows,
          uniq_duvessa
Temple:   nicolae_temple_god_jail

Skill      XL: |  1  2  3  4  5  6  7 |
---------------+----------------------+-----
Conjurations   | 2 3 4 |  4.7
Air Magic      | 4 5 |  5.5
Spellcasting   | 4 6 7 |  7.6
Ice Magic      | 2 |  2.7
Dodging        | 3 4 |  4.2
Stealth        | 3 |  3.0
Fire Magic     | |  0.4

Action                   |  1- 3 |  4- 6 |  7- 9 || total
-------------------------+-------+-------+-------++-------
Melee: Short sword       |     3 |       |       ||     3
       Dagger            |       |     7 |     7 ||    14
 Cast: Shock             |    97 |   136 |    12 ||   245
       Static Discharge  |       |     7 |       ||     7
       Airstrike         |       |    10 |    38 ||    48
       Swiftness         |       |     2 |       ||     2
       Sticky Flame      |       |       |     1 ||     1
  Use: Scroll            |       |     5 |       ||     5
       Potion            |       |       |     1 ||     1
 Stab: Sleeping          |       |     1 |       ||     1
Armor: Robe              |     3 |     4 |     3 ||    10
Dodge: Dodged            |     7 |    33 |    19 ||    59

Table legend: (Time is in decaauts)
 A = Elapsed time spent in this place.
 B = Non-inter-level travel time spent in this place.
 C = Inter-level travel time spent in this place.
 D = Time resting spent in this place.
 E = Time spent auto-exploring this place.
 F = Levels seen in this place.
 G = Mean time per level.
                   A        B        C        D        E       F      G
               +--------+--------+--------+--------+--------+-----+--------+
         Total |   7717 |   7512 |    205 |    654 |   5939 |   6 | 1286.2 |
       Dungeon |   7625 |   7430 |    195 |    654 |   5866 |   5 | 1525.0 |
        Temple |     92 |     83 |      9 |      0 |     73 |   1 |   92.0 |
               +--------+--------+--------+--------+--------+-----+--------+

Top non-repeatable levels by time:
     D:4: 2366 daAuts
     D:3: 1469 daAuts
     D:1: 1436 daAuts
     D:2: 1244 daAuts
     D:5: 1108 daAuts
  Temple: 92 daAuts
